 Dungeon Crawl Stone Soup version 0.30-a0-134-gb40fab5c76 (webtiles) character file.

Game seed: 7645036929451174422

10248 MisterAzrael the Thaumaturge (level 11, 0/54 HPs)
             Began as a Deep Elf Conjurer on Sept 20, 2022.
             Was a Believer of Vehumet.
             Shot with an arrow by a centaur (8 damage)
             ... on level 11 of the Dungeon.
             The game lasted 00:28:17 (13394 turns).

MisterAzrael the Thaumaturge (Deep Elf Conjurer)   Turns: 13394, Time: 00:28:17

Health: 0/54       AC:  9    Str:  4    XL:     11   Next: 33%
Magic:  0/28       EV: 18    Int: 28    God:    Vehumet [**....]
Gold:   686        SH:  0    Dex: 20    Spells: 3/32 levels left

rFire   + + .      SeeInvis +    j - +11 sling of the Beloved God {freeze, rF++ rC-}
rCold   x . .      Faith    .    (no shield)
rNeg    . . .      Spirit   +    G - +0 troll leather armour
rPois   .          Reflect  .    k - +0 hat
rElec   .          Harm     .    y - +0 cloak of the Morning Star {Contam Fly Str-3 SInv}
rCorr   .          Rampage  .    x - +0 pair of gloves {Str+3}
Will    +....                    b - +2 pair of boots
Stlth   ++........               n - amulet of guardian spirit
HPRegen 0.98/turn                c - ring "Issi" {EV+4 Dex+7}
MPRegen 0.21/turn                (no ring)

@: flying
A: no striking features
a: Renounce Religion


You were on level 11 of the Dungeon.
You worshipped Vehumet.
Vehumet was pleased with you.
You visited 2 branches of the dungeon, and saw 12 of its levels.
You also visited: Ossuary.

You collected 894 gold pieces.
You spent 208 gold pieces at shops.

Inventory:

Hand Weapons
 j - the +11 sling of the Beloved God (weapon) {freeze, rF++ rC-}
   (You found it on level 5 of the Dungeon)

   Any ammunition fired from it freezes those it strikes, dealing additional
   cold damage.
   It can also slow down cold-blooded creatures.
   rF:        It greatly protects you from fire.
   rC:        It makes you vulnerable to cold.
 p - a +0 rapier
 q - a +4 spear
Armour
 a - a +0 robe
 b - a +2 pair of boots (worn)
 d - a +2 leather armour of poison resistance
 h - a +2 leather armour of fire resistance
 k - a +0 hat (worn)
 x - a +0 pair of gloves of strength (worn)
 y - the +0 cloak of the Morning Star (worn) {Contam Fly Str-3 SInv}
   (You bought it in a shop on level 6 of the Dungeon)

   Str:       It affects your strength (-3).
   SInv:      It lets you see invisible.
   Fly:       It grants you flight.
   Contam:    It causes magical contamination when unequipped.
 D - +0 acid dragon scales
 G - a +0 troll leather armour (worn)
Jewellery
 c - the ring "Issi" (left hand) {EV+4 Dex+7}
   (You found it on level 2 of the Dungeon)

   [ring of evasion]

   EV:        It affects your evasion (+4).
   Dex:       It affects your dexterity (+7).
 m - a ring of resist corrosion
 n - an amulet of guardian spirit (around neck)
 t - the amulet "Beolofih" {Reflect Rampage rCorr SH+5 Stlth+}
   (You took it off an orc wizard on level 7 of the Dungeon)

   [amulet of reflection]

   It reflects blocked missile attacks.
   rCorr:     It protects you from acid and corrosion.
   SH:        It affects your SH (+5).
   Rampage:   It bestows one free step when moving towards enemies.
   Stlth:     It makes you more stealthy.
 w - a ring of fire
Wands
 u - a wand of mindburst (2)
 v - a wand of polymorph (6)
 F - a wand of flame (13)
Scrolls
 g - 4 scrolls of poison
 r - 2 scrolls of fog
 s - 4 scrolls of silence
 A - 6 scrolls of identify
 C - a scroll of enchant weapon {unknown}
 E - a scroll of amnesia
 I - a scroll of immolation {unknown}
 J - a scroll of enchant armour {unknown}
Potions
 f - 6 potions of curing
 l - 3 potions of cancellation {unknown}
 o - a potion of resistance
 z - a potion of mutation {unknown}
 B - a potion of heal wounds
 H - a potion of berserk rage {unknown}


   Skills:
 + Level 8.0 Ranged Weapons
 - Level 2.0 Armour
 - Level 5.4 Dodging
 - Level 2.4 Stealth
 + Level 11.2 Spellcasting
 + Level 10.1 Conjurations
 - Level 6.7 Hexes
 - Level 6.9 Translocations
 * Level 4.0 Fire Magic
 - Level 6.1 Air Magic


You had 3 spell levels left.
You knew the following spells:

 Your Spells              Type           Power      Damage    Failure   Level
a - Magic Dart            Conj           100%       1d8       1%          1
b - Searing Ray           Conj           100%       2d8       1%          2
c - Fulminant Prism       Conj/Hex       29%        3d14      1%          4
d - Dazzling Flash        Conj/Hex       100%       N/A       1%          3
e - Iskenderun's Mystic   Conj/Tloc      59%        2d12      1%          4
f - Lightning Bolt        Conj/Air       28%        1d45      6%          5
g - Arcjolt               Conj/Air       28%        1d38      6%          5
h - Fireball              Conj/Fire      26%        3d12      10%         5

Your spell library contained the following spells:

 Spells                   Type           Power      Damage    Failure   Level
 Sandblast                Erth           30%        2d9       6%          1
 Slow                     Hex            100%       N/A       1%          1
 Static Discharge         Conj/Air       100%       2-7/arc   1%          2
 Confusing Touch          Hex            52%        N/A       1%          3
 Mephitic Cloud           Conj/Pois/Air  46%        N/A       1%          3
 Poisonous Vapours        Pois/Air       64%        N/A       2%          2
 Cigotuvi's Dreadful Rot  Necr/Pois/Air  54%        N/A       4%          2
 Call Imp                 Summ           15%        N/A       10%         2
 Vampiric Draining        Necr           15%        2d7       19%         3
 Starburst                Conj/Fire      26%        6d8       45%         6
 Animate Dead             Necr           15%        N/A       52%         4
 Haunt                    Necr/Summ      7%         N/A       100%        7
 Ignition                 Fire           19%        3d7       100%        8
 Infestation              Necr           7%         N/A       100%        8
 Maxwell's Capacitive Co  Air            25%        ∞         100%        8


Dungeon Overview and Level Annotations

Branches:
Dungeon (11/15)            Temple (1/1) D:5         Ossuary (visited)
   Lair: D:8-11         Orc: D:9-12

Altars:
Ashenzari
Cheibriados
Elyvilon
Fedhas
Gozag
Hepliaklqana
Kikubaaqudgha
Nemelex Xobeh
Okawaru
Qazlal
Ru
Sif Muna
Uskayaw
Vehumet
Wu Jian
Xom
Yredelemnul
Zin
The Shining One

Shops:
D:6 [

Annotations:
D:11 Fannar


Message History

You shoot a sling bullet.
The sling bullet completely misses the gargoyle.
The centaur wields a +0 shortbow.
The centaur shoots an arrow.
The arrow misses you.
Fannar the Cold-Hearted comes into view.
They are wielding a staff of cold and wearing a +1 robe of cold resistance.
You shoot a sling bullet. The sling bullet hits the gargoyle.
The sling bullet freezes the gargoyle.
The gargoyle is moderately damaged.
The centaur shoots an arrow.
The arrow hits you but does no damage.
A shadow comes into view.
The gargoyle hits you with a +0 mace!
The centaur shoots an arrow.
The arrow barely misses you.
The centaur shoots an arrow.
The arrow hits you.
Fannar gestures wildly while chanting.
Fannar drains the heat from the surrounding environment!
You feel a terrible chill!
The gargoyle is destroyed!
The shadow slips into darkness.
The shadow flickers and vanishes for a moment.
Your Fire Magic skill increases to level 4!
You fly upwards.
There is a stone staircase leading down here.
You start resting.
HP restored.
You start resting.
Magic restored.
There is a stone staircase leading down here.
You fly downwards.
Level annotation: Fannar The centaur shoots an arrow.
The arrow hits you.
There is a stone staircase leading up, spattered with blood here.
You shoot a sling bullet. The sling bullet hits the shadow.
The shadow is moderately damaged.
The centaur shoots an arrow.
The arrow hits you! Fannar casts a spell at you. The bolt of cold hits you!!!
You feel a terrible chill!
Ouch! That really hurt!
* * * LOW HITPOINT WARNING * * *
The centaur shoots an arrow.
The arrow hits you!
You die...

....# ...
.....## ##c?
....$..##...
...........
......<.
#e....#
##..W..#
#....@.#
.........#
..###..(.#
##....
#.....
.......
..###... .##
####


You could see Fannar, a shadow and a centaur.

Vanquished Creatures
  2 two-headed ogres
  A death yak (D:10)
  A lindwurm (D:10)
  Pikel (D:4)
  A cyclops (D:11)
  Joseph (D:8)
  Psyche (D:8)
  3 trolls (D:10)
  A hornet (D:9)
  13 yaks
  2 steam dragons (D:6)
  Menkaure (D:4)
  2 water moccasins
  4 acid dragons
  3 ice beasts
  An orc warrior (D:7)
  A black bear (D:4)
  5 centaurs
  2 ogres
  A phantom (D:5)
  2 elf zombies (Ossuary)
  A necrophage (D:6)
  3 bullfrogs
  A gnoll sergeant (D:10)
  5 scorpions
  A wight (D:6)
  2 howler monkeys (D:8)
  A centaur zombie (Ossuary)
  4 orc priests
  5 hounds
  2 jellies
  A gnoll bouda (D:6)
  A human zombie (Ossuary)
  An iguana (D:6)
  6 orc wizards
  2 mummies (Ossuary)
  10 gnolls
  8 adders
  A shadow imp (D:6)
  A white imp (D:7)
  2 ufetubi (D:6)
  3 worms
  A dart slug (D:2)
  33 orcs
  10 ball pythons
  5 endoplasms
  5 giant cockroaches
  2 gnoll zombies (Ossuary)
  13 goblins
  10 hobgoblins
  3 quokkas
  12 bats
  A frilled lizard (D:1)
  A goblin zombie (Ossuary)
  2 hobgoblin zombies (Ossuary)
  7 kobolds
  5 orc zombies (Ossuary)
  5 rats
225 creatures vanquished.

Vanquished Creatures (others)
  A gargoyle (D:11)
  A wyvern (D:9)
  15 fulminant prisms
17 creatures vanquished.

Grand Total: 242 creatures vanquished

Notes
Turn   | Place    | Note
-------+----------+-------------------------------------------
     0 | D:1      | MisterAzrael the Deep Elf Conjurer began the quest for the
                  | Orb.
     0 | D:1      | Reached XP level 1. HP: 10/10 MP: 6/6
   199 | D:1      | Reached XP level 2. HP: 15/15 MP: 4/8
   271 | D:1      | Learned a level 2 spell: Searing Ray
   668 | D:1      | Reached skill level 4 in Spellcasting
   783 | D:1      | Reached XP level 3. HP: 19/19 MP: 8/10
   964 | D:1      | Found a hide-covered altar of Uskayaw.
   999 | D:2      | Reached skill level 5 in Conjurations
  1089 | D:2      | Identified the ring "Issi" {EV+4 Dex+7}
  1564 | D:2      | Found a faded altar of an unknown god.
  1603 | D:2      | Reached XP level 4. HP: 22/24 MP: 7/12
  1608 | D:2      | Learned a level 4 spell: Fulminant Prism
  1917 | D:3      | Noticed a scorpion
  1928 | D:3      | Killed a scorpion
  1929 | D:3      | Reached skill level 1 in Hexes
  1929 | D:3      | Reached XP level 5. HP: 14/28 MP: 5/14
  1995 | D:3      | Found a shimmering altar of Xom.
  2165 | D:3      | Noticed an ogre
  2170 | D:3      | Killed an ogre
  2171 | D:3      | Reached skill level 5 in Spellcasting
  2556 | D:3      | Found a hide-covered altar of Uskayaw.
  2710 | D:3      | Reached XP level 6. HP: 32/32 MP: 8/15
  2714 | D:3      | Learned a level 3 spell: Dazzling Flash
  2969 | D:3      | Found a blossoming altar of Fedhas.
  3301 | D:4      | Found an ornate altar of the Wu Jian Council.
  3365 | D:4      | Noticed Pikel
  3386 | D:4      | Killed Pikel
  3387 | D:4      | Reached skill level 6 in Spellcasting
  3387 | D:4      | Reached XP level 7. HP: 20/36 MP: 6/18
  3607 | D:4      | Noticed Menkaure
  3621 | D:4      | Killed Menkaure
  3622 | D:4      | Reached skill level 5 in Dodging
  3765 | D:4      | Reached XP level 8. HP: 41/41 MP: 6/20
  3770 | D:4      | Learned a level 4 spell: Iskenderun's Mystic Blast
  3975 | D:4      | Reached skill level 1 in Translocations
  4504 | D:4      | Found a white marble altar of Elyvilon.
  4649 | D:4      | Reached skill level 7 in Spellcasting
  5152 | D:5      | Entered Level 5 of the Dungeon
  5322 | D:5      | Found a staircase to the Ecumenical Temple.
  5347 | Temple   | Entered the Ecumenical Temple
  5356 | Temple   | Became a worshipper of Vehumet
  5394 | D:5      | Reached skill level 1 in Armour
  5634 | D:5      | Found a sand-covered staircase.
  5646 | Ossuary  | Entered an ossuary
  6269 | D:5      | Reached * piety under Vehumet
  6269 | D:5      | Offered knowledge of Foxfire by Vehumet.
  6461 | D:5      | Identified the +11 sling of the Beloved God {freeze, rF++
                  | rC-}
  6537 | D:5      | Found an iron altar of Okawaru.
  6901 | D:6      | Noticed a two-headed ogre
  6901 | D:6      | Found Kifiokef's Armour Boutique.
  7114 | D:5      | Reached skill level 1 in Ranged Weapons
  7114 | D:5      | Reached XP level 9. HP: 45/45 MP: 13/22
  7346 | D:6      | Reached skill level 8 in Spellcasting
  7346 | D:6      | Reached skill level 5 in Translocations
  7649 | D:6      | Killed a two-headed ogre
  7720 | D:6      | Reached skill level 9 in Spellcasting
  7780 | D:6      | Learned a level 5 spell: Lightning Bolt
  7795 | D:6      | Reached skill level 1 in Air Magic
  8043 | D:6      | Found an ancient bone altar of Kikubaaqudgha.
  8061 | D:6      | Bought a +0 pair of gloves of strength for 138 gold pieces
  8061 | D:6      | Bought the +0 cloak of the Morning Star {Contam Fly Str-3
                  | SInv} for 70 gold pieces
  8310 | D:6      | Found a basalt altar of Yredelemnul.
  8844 | D:7      | Identified the amulet "Beolofih" {Reflect Rampage rCorr
                  | SH+5 Stlth+}
  8848 | D:7      | Reached XP level 10. HP: 50/50 MP: 17/25
  8934 | D:7      | Reached skill level 5 in Ranged Weapons
  8949 | D:7      | Offered knowledge of Sandblast by Vehumet.
  9333 | D:7      | Learned a level 5 spell: Arcjolt
  9358 | D:8      | Noticed Psyche
  9707 | D:8      | Killed Psyche
  9715 | D:8      | Reached ** piety under Vehumet
  9838 | D:8      | Reached skill level 10 in Spellcasting
  9967 | D:8      | Reached skill level 5 in Air Magic
 10038 | D:8      | Found a sacrificial altar of Ru.
 10195 | D:8      | Noticed Joseph
 10203 | D:8      | Killed Joseph
 10335 | D:8      | Learned a level 5 spell: Fireball
 11019 | D:9      | Found a stormy altar of Qazlal.
 11280 | D:9      | Noticed a two-headed ogre
 11292 | D:9      | Killed a two-headed ogre
 11625 | D:10     | Entered Level 10 of the Dungeon
 11632 | D:10     | Reached XP level 11. HP: 45/54 MP: 22/27
 11634 | D:10     | Reached skill level 1 in Fire Magic
 12539 | D:10     | Noticed Urug
 12539 | D:10     | Noticed a death yak
 12539 | D:10     | Noticed a death yak
 12540 | D:10     | Noticed a death yak
 12541 | D:10     | Noticed a death yak
 12756 | D:10     | Noticed a death yak
 12759 | D:10     | Killed a death yak
 12760 | D:10     | Reached skill level 11 in Spellcasting
 12760 | D:10     | Reached skill level 10 in Conjurations
 13048 | D:10     | Urug changed into Urug the lindwurm
 13048 | D:10     | Noticed Urug
 13054 | D:10     | Killed Urug the lindwurm
 13254 | D:10     | Found a glowing golden altar of the Shining One.
 13285 | D:11     | Noticed Fannar
 13394 | D:11     | Shot with an arrow by a centaur

Illustrated notes

Levels and vault maps discovered:
D:1:      dpeg_arrival_water_altar, layout_rooms, serial_corexii_hall,
          corexii_hall_statues_s, corexii_hall_statues_t,
          minmay_misc_feat_ornament
D:2:      layout_basic, ebering_ecumenical_altar_hall, serial_bayou_lagoon_b
D:3:      layout_loops_ring, mainiacjoe_overflow_alcove_2, lemuel_tele_altar,
          mainiacjoe_overflow_cross_hatched
D:4:      layout_loops_ring, mainiacjoe_overflow_chevrons, elyvilon_altar_3,
          minmay_mini_jars, uniq_pikel, uniq_menkaure
D:5:      layout_basic, okawaru_altar_gauntlet_db,
          minmay_temple_entry_statues_fountains, enter_ossuary_1
D:6:      layout_layer_cave, yredelemnul_altar_generic, serial_shops,
          nicolae_shop_waterfront, minmay_ruined_shrine
D:7:      layout_cave_pools
D:8:      layout_gridville, mainiacjoe_overflow_alcove_4, uniq_psyche,
          uniq_joseph
D:9:      layout_loops_ring, mainiacjoe_overflow_small_starburst, enter_bailey_5
D:10:     layout_basic, kennysheep_little_box, dpeg_lair_monsters, minmay_puff,
          uniq_urug
D:11:     layout_layer_cave, uniq_fannar, uniq_grum, uniq_lodul, uniq_erolcha
Temple:   nicolae_temple_x_marks_the_god

Skill      XL: |  1  2  3  4  5  6  7  8  9 10 11 |
---------------+----------------------------------+-----
Spellcasting   | 4 5 6 7 9 10 11 | 11.2
Conjurations   | 5 6 7 8 9 10 | 10.1
Dodging        | 3 4 5 |  5.4
Hexes          | 1 3 6 |  6.7
Translocations | 4 6 |  6.9
Armour         | 2 |  2.0
Ranged Weapons | 1 4 7 8 |  8.0
Air Magic      | 2 6 |  6.1
Fire Magic     | 4 |  4.0
Stealth        | |  2.4

Action                   |  1- 3 |  4- 6 |  7- 9 | 10-12 || total
-------------------------+-------+-------+-------+-------++-------
Melee: Spear             |       |       |    22 |       ||    22
       Sling             |       |       |       |     1 ||     1
 Fire: Sling             |       |       |    58 |   123 ||   181
 Cast: Magic Dart        |    70 |    64 |    89 |       ||   223
       Searing Ray       |     1 |     6 |    23 |    16 ||    46
       Dazzling Flash    |       |     5 |     8 |    13 ||    26
       Fulminant Prism   |       |     1 |     8 |     6 ||    15
       Iskenderun's Myst |       |       |     6 |     3 ||     9
       Lightning Bolt    |       |       |       |     9 ||     9
       Arcjolt           |       |       |       |     4 ||     4
       Fireball          |       |       |       |     4 ||     4
Evoke: Wand              |       |       |       |     8 ||     8
  Use: Scroll            |     3 |       |     9 |     5 ||    17
       Potion            |       |     6 |     3 |       ||     9
Armor: Skin              |       |    18 |       |       ||    18
       Robe              |       |     2 |       |       ||     2
       Leather armour    |       |       |    26 |    13 ||    39
       Troll leather arm |       |       |       |     3 ||     3
       Acid dragon scale |       |       |       |     2 ||     2
Dodge: Dodged            |     4 |    17 |   131 |   112 ||   264

Table legend: (Time is in decaauts)
 A = Elapsed time spent in this place.
 B = Non-inter-level travel time spent in this place.
 C = Inter-level travel time spent in this place.
 D = Time resting spent in this place.
 E = Time spent auto-exploring this place.
 F = Levels seen in this place.
 G = Mean time per level.
                   A        B        C        D        E       F      G
               +--------+--------+--------+--------+--------+-----+--------+
         Total |  13462 |  13200 |    262 |   3131 |   8081 |  13 | 1035.5 |
       Dungeon |  13152 |  12890 |    262 |   3030 |   7955 |  11 | 1195.6 |
        Temple |     16 |     16 |      0 |      0 |      0 |   1 |   16.0 |
       Ossuary |    292 |    292 |      0 |    101 |    126 |   1 |  292.0 |
               +--------+--------+--------+--------+--------+-----+--------+

Top non-repeatable levels by time:
     D:4: 1985 daAuts
     D:5: 1829 daAuts
    D:10: 1758 daAuts
     D:6: 1462 daAuts
     D:3: 1396 daAuts
     D:9: 1147 daAuts
     D:1: 1000 daAuts
     D:7: 891 daAuts
     D:8: 873 daAuts
     D:2: 792 daAuts
 Ossuary: 292 daAuts
  Temple: 16 daAuts
    D:11: 16 daAuts
